 Dungeon Crawl Stone Soup version 0.18-a0-1685-g4482fe3 (webtiles) character file.

105 Murder the Skirmisher (level 4, -7/55 HPs)
             Began as a Demonspawn Wanderer on Apr 4, 2016.
             Mangled by Surprised's ghost (21 damage)
             ... on level 4 of the Dungeon.
             The game lasted 00:05:18 (2900 turns).

Murder the Skirmisher (Demonspawn Wanderer)         Turns: 2900, Time: 00:05:19

Health: -7/55      AC:  4    Str: 16    XL:     4   Next: 54%
Magic:  4/4        EV: 11    Int: 16    God:
Gold:   135        SH:  0    Dex: 12    Spells: 0 memorised, 3 levels left

rFire  . . .     SeeInvis .     a - +2 dagger
rCold  . . .     Gourm    .     e - +0 robe
rNeg   . . .     Faith    .     (no shield)
rPois  .         Spirit   .     k - +0 helmet
rElec  .         Dismiss  .     (no cloak)
rCorr  .         Reflect  .     (no gloves)
SustAt .         Harm     .     n - +0 pair of boots
MR     .....                    (no amulet)
Stlth  ..........               (no ring)
                                (no ring)

@: berserking (expiring), very quick, not resistant to hostile enchantments,
extremely unstealthy
A: claws 1, powered by death 2
a: no special abilities


You were on level 4 of the Dungeon.
You were not hungry.

You visited 1 branch of the dungeon, and saw 4 of its levels.

You collected 135 gold pieces.

Inventory:

Hand Weapons
 a - a +2 dagger (weapon)
 c - a +0 spear
 x - a +1 whip of venom
Armour
 e - a +0 robe (worn)
 k - a +0 helmet (worn)
 n - a +0 pair of boots (worn)
Wands
 v - a wand of acid (8/15)
 y - a wand of lightning (13/15)
Scrolls
 d - a scroll of teleportation
 g - a scroll of enchant armour {unknown}
 h - 6 scrolls of identify {unknown}
 i - 3 scrolls of fog {unknown}
 j - a scroll of enchant weapon {unknown}
 o - 2 scrolls of blinking {unknown}
 p - 3 scrolls of remove curse {unknown}
 s - a scroll of noise {unknown}
 u - a scroll of fear {unknown}
Potions
 l - a potion of magic {unknown}
 r - 2 potions of cure mutation {unknown}
 t - a potion of degeneration {unknown}
 w - a potion of mutation {unknown}
 z - a potion of agility {unknown}
Comestibles
 f - 3 bread rations
 m - 2 meat rations
 q - a beef jerky


   Skills:
 + Level 4.2 Fighting
 - Level 2.6 Polearms
 - Level 1.0 Dodging
 - Level 3.6 Stealth
 - Level 1.7 Unarmed Combat


You had 3 spell levels left.
You didn't know any spells.

Dungeon Overview and Level Annotations

Branches:
Dungeon (4/15)
 Temple: D:4-7

Altars:
Dithmenos
Kikubaaqudgha
Makhleb
Qazlal
Zin

Annotations:
D:4 Surprised's ghost, amateur DsWn


Innate Abilities, Weirdness & Mutations

You have sharp fingernails.
You regenerate health from kills.


Message History

A red film seems to cover your vision as you go berserk!
You feel yourself moving faster!
You feel mighty! Surprised's ghost misses you.
You barely miss Surprised's ghost. You barely miss Surprised's ghost.
Surprised's ghost wails, "To die, to sleep, no more."
Surprised's ghost hits you!!
You hit Surprised's ghost but do no damage.
Surprised's ghost hits you.
You closely miss Surprised's ghost. You barely miss Surprised's ghost.
Surprised's ghost hits you!!
* * * LOW HITPOINT WARNING * * *
You puncture Surprised's ghost!
Surprised's ghost is moderately damaged.
Surprised's ghost closely misses you.
You puncture Surprised's ghost!
Surprised's ghost is heavily damaged.
You closely miss Surprised's ghost.
Surprised's ghost is heavily damaged.
Surprised's ghost hits you!!
You die...

##.......##
#.........#
+.).......+
#.....$...#
#.†.....# #.†.>.#
##...## ##W## #@#
#.# ##.## ##...##
#####.....#
#.........#
#.###.#####.#.#.#
#.........#.#.#.
#####.###......


You could see Surprised's ghost.

Vanquished Creatures
  3 adders
  An ooze (D:1)
  2 worms (D:2)
  5 dart slugs
  2 giant geckos (D:1)
  An orc (D:3)
  8 bats
  5 giant cockroaches
  A goblin (D:1)
  6 hobgoblins
  4 jackals (D:4)
  5 kobolds
  7 giant newts
  6 rats
56 creatures vanquished.

Notes
Turn   | Place    | Note
--------------------------------------------------------------
     0 | D:1      | Murder the Demonspawn Wanderer began the quest for the Orb.
     0 | D:1      | Murder set off with: a +2 dagger, a potion of berserk rage, a +0 spear, a scroll of teleportation, a +0 robe, a bread ration
     0 | D:1      | Reached XP level 1. HP: 13/13 MP: 1/1
    58 | D:1      | Reached skill level 1 in Fighting
   120 | D:1      | Gained mutation: You have sharp fingernails. [demonic ancestry]
   120 | D:1      | Reached XP level 2. HP: 21/22 MP: 2/2
   132 | D:1      | Reached skill level 2 in Fighting
   420 | D:1      | Gained mutation: You regenerate a little health from kills. [demonic ancestry]
   420 | D:1      | Reached XP level 3. HP: 21/28 MP: 3/3
   796 | D:2      | Reached skill level 3 in Fighting
  1731 | D:2      | Found a shadowy altar of Dithmenos.
  2006 | D:2      | Found an ancient bone altar of Kikubaaqudgha.
  2006 | D:2      | Found a stormy altar of Qazlal.
  2145 | D:3      | Noticed a green death
  2146 | D:3      | Found a burning altar of Makhleb.
  2149 | D:3      | Found a glowing silver altar of Zin.
  2149 | D:3      | Noticed an angel
  2314 | D:3      | Gained mutation: You regenerate health from kills. [demonic ancestry]
  2314 | D:3      | Reached XP level 4. HP: 36/36 MP: 4/4
  2525 | D:3      | Reached skill level 4 in Fighting
  2881 | D:4      | Noticed Surprised's ghost (amateur DsWn)
  2900 | D:4      | Mangled by Surprised's ghost

Vault maps used:
D:1:      evilmike_arrival_hilbert_curve
D:2:      nicolae_dithmenos_through_a_glass_darkly,
          gammafunk_temple_overflow_elements
D:3:      grunt_temple_overflow_order_and_chaos_2, first_bread, minivault_5
D:4:      tso_altar

Skill      XL: |  1  2  3  4 |
---------------+-------------+-----
Fighting       | 1 2 3 4 |  4.2
Polearms       | |  2.6
Dodging        | |  1.0
Stealth        | |  3.6
Unarmed Combat | |  1.7

Action                   |  1- 3 |  4- 6 || total
-------------------------+-------+-------++-------
Melee: Dagger            |   118 |    30 ||   148
       Whip              |       |    54 ||    54
  Use: Potion            |       |     1 ||     1
 Stab: Sleeping          |    14 |     3 ||    17
  Eat: Bread ration      |     1 |       ||     1
       Chunk             |       |     2 ||     2
